TOP OF THE 1ST |
West Virginia Power batting - Pitching for West Palm Reds : RHP Andy Hickey
|
Pitching: RHP Andy Hickey
|
|
Batting: RHB Alfonso Huertas
|
0-0: Called Strike 0-1: Ball 1-1: Ball 2-1: Foul Ball, location: 2F 2-2: Fly out, F5 (Line Drive, 5)
|
Batting: RHB Vicente Torres
|
0-0: Called Strike 0-1: Ball 1-1: Ground out 4-3 (Groundball, 4M)
|
Batting: RHB Wilson Gonzáles
|
0-0: Ball 1-0: Fly out, F5 (Line Drive, 56)
|
Top of the 1st over - 0 run(s), 0 hit(s), 0 error(s), 0 left on base; West Virginia 0 - West Palm 0 |
BOTTOM OF THE 1ST |
West Palm Reds batting - Pitching for West Virginia Power : RHP Mark Sanders
|
Pitching: RHP Mark Sanders
|
|
Batting: RHB Lorenzo Guzmán
|
0-0: Ball 1-0: Ground out 4-3 (Groundball, 34)
|
Batting: RHB Juan Vareas
|
0-0: Called Strike 0-1: Swinging Strike 0-2: Strikes out looking
|
Batting: LHB Enrique Cortéz
|
0-0: Called Strike 0-1: Foul Ball, location: 2F 0-2: SINGLE (Line Drive, 6)
|
Batting: SHB Todd Smith
|
0-0: Foul Ball, location: 2F 0-1: Ball 1-1: Ground out 5-3 (Groundball, 5S)
|
Bottom of the 1st over - 0 run(s), 1 hit(s), 0 error(s), 1 left on base; West Virginia 0 - West Palm 0 |
TOP OF THE 2ND |
West Virginia Power batting - Pitching for West Palm Reds : RHP Andy Hickey
|
Batting: RHB Cristián Herrera
|
0-0: Ball 1-0: SOLO HOME RUN (Flyball, 78XD), Distance : 427 ft
|
Batting: RHB Rubén Ayala
|
0-0: Ground out 5-3 (Groundball, 56S)
|
Batting: RHB Raúl Torres
|
0-0: Fly out, F9 (Popup, 3D)
|
Batting: LHB Ernie Jackson
|
0-0: Called Strike 0-1: Ball 1-1: DOUBLE (Line Drive, 89M)
|
Batting: LHB Luis Pérez
|
0-0: Swinging Strike 0-1: Ball 1-1: Swinging Strike 1-2: Ball 2-2: Strikes out swinging
|
Top of the 2nd over - 1 run(s), 2 hit(s), 0 error(s), 1 left on base; West Virginia 1 - West Palm 0 |
BOTTOM OF THE 2ND |
West Palm Reds batting - Pitching for West Virginia Power : RHP Mark Sanders
|
Batting: LHB Jeff Doss
|
0-0: Called Strike 0-1: Swinging Strike 0-2: Ground out 6-3 (Groundball, 6MS)
|
Batting: RHB Félix García
|
0-0: Called Strike 0-1: Foul Ball, location: 2F 0-2: Ball 1-2: Foul Ball, location: 2F 1-2: Ground out 6-3 (Groundball, 6)
|
Batting: LHB Bill Smith
|
0-0: Ball 1-0: Ball 2-0: Ball 3-0: Base on Balls
|
Batting: LHB Bob Martin
|
0-0: Called Strike Bill Smith is caught stealing 2nd base
|
Bottom of the 2nd over - 0 run(s), 0 hit(s), 0 error(s), 0 left on base; West Virginia 1 - West Palm 0 |
TOP OF THE 3RD |
West Virginia Power batting - Pitching for West Palm Reds : RHP Andy Hickey
|
Batting: RHB Jorge Ramírez
|
0-0: Called Strike 0-1: Ball 1-1: Ball 2-1: Ball 3-1: Foul Ball, location: 2F 3-2: DOUBLE (Line Drive, 5D)
|
Batting: RHB Alfonso Huertas
|
0-0: Ground out 6-3 (Groundball, 6) Jorge Ramírez to third
|
Batting: RHB Vicente Torres
|
0-0: Ball 1-0: Ball 2-0: Called Strike 2-1: Swinging Strike 2-2: Strikes out swinging
|
Batting: RHB Wilson Gonzáles
|
0-0: Ball 1-0: Ball 2-0: Ball 3-0: Called Strike 3-1: Fly out, F8 (Flyball, 8LXD)
|
Top of the 3rd over - 0 run(s), 1 hit(s), 0 error(s), 1 left on base; West Virginia 1 - West Palm 0 |
BOTTOM OF THE 3RD |
West Palm Reds batting - Pitching for West Virginia Power : RHP Mark Sanders
|
Batting: LHB Bob Martin
|
0-0: Ball 1-0: Foul Ball, location: 2F 1-1: Ground out 6-3 (Groundball, 6M)
|
Batting: SHB Alex Hayes
|
0-0: Ball 1-0: Ball 2-0: Ball 3-0: Called Strike 3-1: Base on Balls
|
Batting: RHB Lorenzo Guzmán
|
0-0: Ball 1-0: Ball 2-0: Swinging Strike 2-1: Foul Ball, location: 2F 2-2: Strikes out swinging
|
Batting: RHB Juan Vareas
|
0-0: Ball 1-0: Foul Ball, location: 2F 1-1: Ball 2-1: Foul Ball, location: 2F 2-2: Fielders Choice at 2nd, U4 (Groundball, 4M)
|
Bottom of the 3rd over - 0 run(s), 0 hit(s), 0 error(s), 1 left on base; West Virginia 1 - West Palm 0 |
TOP OF THE 4TH |
West Virginia Power batting - Pitching for West Palm Reds : RHP Andy Hickey
|
Batting: RHB Cristián Herrera
|
0-0: Called Strike 0-1: Ground out 6-3 (Groundball, 6)
|
Batting: RHB Rubén Ayala
|
0-0: Swinging Strike 0-1: DOUBLE (Line Drive, 78S)
|
Batting: RHB Raúl Torres
|
0-0: Ball 1-0: Ground out U3 (Groundball, 3S) Rubén Ayala to third
|
Batting: LHB Ernie Jackson
|
0-0: Ball 1-0: Foul Ball, location: 2F 1-1: Fly out, F8 (Flyball, 8RM)
|
Top of the 4th over - 0 run(s), 1 hit(s), 0 error(s), 1 left on base; West Virginia 1 - West Palm 0 |
BOTTOM OF THE 4TH |
West Palm Reds batting - Pitching for West Virginia Power : RHP Mark Sanders
|
Batting: LHB Enrique Cortéz
|
0-0: Swinging Strike 0-1: Ball 1-1: Ball 2-1: Ball 3-1: Foul Ball, location: 2F 3-2: Base on Balls
|
Batting: SHB Todd Smith
|
0-0: Ball 1-0: DOUBLE (Popup, 78S) Enrique Cortéz to third
|
Batting: LHB Jeff Doss
|
0-0: Ball 1-0: Ground out 1-3 (Groundball, 13)
|
Batting: RHB Félix García
|
0-0: Called Strike 0-1: Swinging Strike 0-2: Ground out 6-3 (Groundball, 6) Enrique Cortéz scores
|
Batting: LHB Bill Smith
|
0-0: Called Strike 0-1: Called Strike 0-2: Ball 1-2: SINGLE (Line Drive, 4M) Todd Smith to third Runner from 3rd tries for Home, SAFE, no throw or cutoff
|
Batting: LHB Bob Martin
|
0-0: Ground out U3 (Groundball, 3)
|
Bottom of the 4th over - 2 run(s), 2 hit(s), 0 error(s), 1 left on base; West Virginia 1 - West Palm 2 |
TOP OF THE 5TH |
West Virginia Power batting - Pitching for West Palm Reds : RHP Andy Hickey
|
Batting: LHB Luis Pérez
|
0-0: Ball 1-0: Called Strike 1-1: Called Strike 1-2: Ball 2-2: Strikes out swinging
|
Batting: RHB Jorge Ramírez
|
0-0: Foul Ball, location: 2F 0-1: Ball 1-1: Foul Ball, location: 2F 1-2: SINGLE (Groundball, 5L)
|
Batting: RHB Alfonso Huertas
|
0-0: Ground out 5-3 (Groundball, 15S) Jorge Ramírez to second
|
Batting: RHB Vicente Torres
|
0-0: Fly out, F5 (Line Drive, 5L)
|
Top of the 5th over - 0 run(s), 1 hit(s), 0 error(s), 1 left on base; West Virginia 1 - West Palm 2 |
BOTTOM OF THE 5TH |
West Palm Reds batting - Pitching for West Virginia Power : RHP Mark Sanders
|
Batting: SHB Alex Hayes
|
0-0: Ball 1-0: Ball 2-0: Ball 3-0: Swinging Strike 3-1: Base on Balls
|
Batting: RHB Lorenzo Guzmán
|
0-0: Called Strike 0-1: Ball Passed Ball! Alex Hayes to second 1-1: Ball 2-1: Foul Ball, location: 2F 2-2: SINGLE (Line Drive, 8RS) Alex Hayes to third
|
Batting: RHB Juan Vareas
|
0-0: Ball 1-0: Called Strike Lorenzo Guzmán steals 2nd base 1-1: Foul Ball, location: 2F 1-2: Ball 2-2: Foul Ball, location: 2F 2-2: Ball 3-2: Base on Balls
|
Pitching: RHP Jorge Gonzáles
|
|
Batting: LHB Enrique Cortéz
|
0-0: Ball 1-0: Ball 2-0: GRAND SLAM HOME RUN (Flyball, 8RXD), Distance : 415 ft
|
Batting: SHB Todd Smith
|
0-0: Called Strike 0-1: Fly out, F7 (Flyball, 7LD)
|
Batting: LHB Jeff Doss
|
0-0: Ball 1-0: Ball 2-0: Ball 3-0: Base on Balls
|
Batting: RHB Félix García
|
0-0: Called Strike 0-1: Ball 1-1: Foul Ball, location: 2F 1-2: Ball 2-2: Grounds into double play, 6-4-3 (Groundball, 6)
|
Bottom of the 5th over - 4 run(s), 2 hit(s), 0 error(s), 0 left on base; West Virginia 1 - West Palm 6 |
TOP OF THE 6TH |
West Virginia Power batting - Pitching for West Palm Reds : RHP Andy Hickey
|
Batting: RHB Wilson Gonzáles
|
0-0: Ball 1-0: Ball 2-0: Fly out, F6 (Line Drive, 6)
|
Batting: RHB Cristián Herrera
|
0-0: Ball 1-0: Ball 2-0: Ball 3-0: Ground out 4-3 (Groundball, 4)
|
Batting: RHB Rubén Ayala
|
0-0: Swinging Strike 0-1: Ball 1-1: Swinging Strike 1-2: Ball 2-2: DOUBLE (Line Drive, 7LM)
|
Batting: RHB Raúl Torres
|
0-0: Called Strike 0-1: Ball 1-1: Called Strike 1-2: Reached on error, E6 (Groundball, 6M) Rubén Ayala to third
|
Batting: LHB Ernie Jackson
|
0-0: Called Strike 0-1: Ball 1-1: Ball 2-1: Ground out 6-3 (Groundball, 6)
|
Top of the 6th over - 0 run(s), 1 hit(s), 1 error(s), 2 left on base; West Virginia 1 - West Palm 6 |
BOTTOM OF THE 6TH |
West Palm Reds batting - Pitching for West Virginia Power : RHP Jorge Gonzáles
|
Pitching: RHP Howard Baker
|
|
Batting: LHB Bill Smith
|
0-0: Ball 1-0: Ball 2-0: Called Strike 2-1: Swinging Strike 2-2: Strikes out looking
|
Pitching: RHP Juan Herrera
|
|
Batting: LHB Bob Martin
|
0-0: Swinging Strike 0-1: Ball 1-1: Swinging Strike 1-2: Strikes out swinging
|
Pitching: RHP Cory Lowe
|
|
Batting: SHB Alex Hayes
|
0-0: Ball 1-0: Ball 2-0: Ball 3-0: Called Strike 3-1: Ground out 3-1 (Groundball, 34)
|
Bottom of the 6th over - 0 run(s), 0 hit(s), 0 error(s), 0 left on base; West Virginia 1 - West Palm 6 |
TOP OF THE 7TH |
West Virginia Power batting - Pitching for West Palm Reds : RHP Andy Hickey
|
Batting: LHB Luis Pérez
|
0-0: Called Strike 0-1: Ball 1-1: Ground out U3 (Groundball, 3L)
|
Batting: RHB Jorge Ramírez
|
0-0: Fly out, F5 (Popup, 5SF)
|
Batting: RHB Alfonso Huertas
|
0-0: Reached on error, E5 (Groundball, 5S)
|
Batting: RHB Vicente Torres
|
0-0: Called Strike Pickoff Throw to First - Out!
|
Top of the 7th over - 0 run(s), 0 hit(s), 1 error(s), 0 left on base; West Virginia 1 - West Palm 6 |
BOTTOM OF THE 7TH |
West Palm Reds batting - Pitching for West Virginia Power : RHP Cory Lowe
|
Batting: RHB Lorenzo Guzmán
|
0-0: Swinging Strike 0-1: Foul Ball, location: 2F 0-2: Ball 1-2: Ball 2-2: Ball 3-2: Foul Ball, location: 2F 3-2: Strikes out swinging
|
Batting: RHB Juan Vareas
|
0-0: Foul Ball, location: 2F 0-1: Ball 1-1: Foul Ball, location: 2F 1-2: Strikes out looking
|
Batting: LHB Enrique Cortéz
|
0-0: Ball 1-0: Ball 2-0: Foul Ball, location: 2F 2-1: Foul Ball, location: 2F 2-2: Foul Ball, location: 2F 2-2: Foul Ball, location: 2F 2-2: Fly out, F7 (Flyball, 7M)
|
Bottom of the 7th over - 0 run(s), 0 hit(s), 0 error(s), 0 left on base; West Virginia 1 - West Palm 6 |
TOP OF THE 8TH |
West Virginia Power batting - Pitching for West Palm Reds : RHP Andy Hickey
|
Pitching: RHP Dave Woods
|
|
Batting: RHB Vicente Torres
|
0-0: Called Strike 0-1: Ball 1-1: Called Strike 1-2: Ball 2-2: Fly out, F7 (Flyball, 78XD)
|
Batting: RHB Wilson Gonzáles
|
0-0: Called Strike 0-1: Ball 1-1: Ball 2-1: Ball 3-1: Base on Balls
|
Batting: RHB Cristián Herrera
|
0-0: Ball 1-0: Called Strike 1-1: Ground out 1-3 (Groundball, 3S) Wilson Gonzáles to second
|
Batting: RHB Rubén Ayala
|
0-0: Ground out 5-3 (Groundball, 5S)
|
Top of the 8th over - 0 run(s), 0 hit(s), 0 error(s), 1 left on base; West Virginia 1 - West Palm 6 |
BOTTOM OF THE 8TH |
West Palm Reds batting - Pitching for West Virginia Power : RHP Cory Lowe
|
Batting: SHB Todd Smith
|
0-0: Foul Ball, location: 2F 0-1: Ball 1-1: Ball 2-1: Ground out 4-3 (Groundball, 4M)
|
Batting: LHB Jeff Doss
|
0-0: Ball 1-0: Ball 2-0: Foul Ball, location: 2F 2-1: DOUBLE (Flyball, 9D)
|
Batting: RHB Félix García
|
0-0: Ball 1-0: SINGLE (Groundball, 6MD) Jeff Doss to third Runner from 3rd tries for Home, SAFE, no throw or cutoff
|
Batting: LHB Bill Smith
|
0-0: Ball 1-0: Ball 2-0: Swinging Strike 2-1: Ball 3-1: Base on Balls Félix García to second
|
Batting: LHB Bob Martin
|
0-0: Ball 1-0: Ball 2-0: SINGLE (Flyball, 89S) Félix García to third Bill Smith to second
|
Batting: SHB Alex Hayes
|
0-0: Called Strike 0-1: SINGLE (Flyball, 78S) Félix García scores Bill Smith to third Bob Martin to second
|
Batting: RHB Lorenzo Guzmán
|
0-0: Fly out, F7 (Flyball, 78S)
|
Pinch Hitting: LHB Jeff McKinney
|
0-0: Foul Ball, location: 2F 0-1: Ball 1-1: Swinging Strike Passed Ball! Bill Smith scores Bob Martin to third Alex Hayes to second 1-2: Strikes out swinging
|
Bottom of the 8th over - 3 run(s), 4 hit(s), 0 error(s), 2 left on base; West Virginia 1 - West Palm 9 |
TOP OF THE 9TH |
West Virginia Power batting - Pitching for West Palm Reds : RHP Dave Woods
|
Now in CF: Jermaine Carter
|
|
Batting: RHB Raúl Torres
|
0-0: Ground out 5-3 (Groundball, 5)
|
Batting: LHB Ernie Jackson
|
0-0: Foul Ball, location: 2F 0-1: Ball 1-1: Foul Ball, location: 2F 1-2: Ball 2-2: Ball 3-2: Foul Ball, location: 2F 3-2: Fly out, F7 (Flyball, 7M)
|
Batting: LHB Luis Pérez
|
0-0: Called Strike 0-1: Fly out, F6 (Popup, 6M)
|
Top of the 9th over - 0 run(s), 0 hit(s), 0 error(s), 0 left on base; West Virginia 1 - West Palm 9 |
|